 Dungeon Sprint DCSS version 0.18.1-8-gdd0e5ea (webtiles) character file.

154 Groucho the Slinger (level 5, -6/36 HPs)
             Began as a Halfling Hunter on June 9, 2016.
             Was a Believer of Cheibriados.
             Killed from afar by a hell hound (20 damage)
             ... with a blast of flame
             ... in the Dungeon (Sprint V: "Ziggurat Sprint").
             The game lasted 00:03:09 (320 turns).

Groucho the Slinger (Halfling Hunter)                Turns: 320, Time: 00:03:10

Health: -6/36      AC: 27    Str: 29    XL:     5   Next: 62%
Magic:  8/8        EV:  5    Int: 14    God:    Cheibriados [**....]
Gold:   0          SH: 30    Dex: 19    Spells: 0 memorised, 4 levels left

rFire  . . .     SeeInvis .     R - +5 rapier
rCold  . . .     Gourm    .     N - +15 Maxwell's patent armour {-Cast -Tele rElec MR+ rCorr}
rNeg   + . .     Faith    .     O - +18 shield of the gong {rElec rN+ MR+ EV-5}
rPois  .         Spirit   .     (no helmet)
rElec  +         Dismiss  .     (no cloak)
rCorr  +         Reflect  .     (no gloves)
SustAt .         Harm     .     (no boots)
MR     ++...     NoTele   +     (no amulet)
Stlth  .......... NoCast   +    L - +6 ring of strength
                                K - +6 ring of strength

@: very slightly contaminated, invisible, very slow, very resistant to hostile
enchantments, extremely unstealthy
A: mutation resistance 1
a: Bend Time, Renounce Religion


You were in the Dungeon.
You worshipped Cheibriados.
Cheibriados was pleased with you.
You were not hungry.

You visited 1 branch

Inventory:

Hand Weapons
 a - a +1 hunting sling
 b - a +0 short sword
 y - a +5 greatsling
 M - the cursed +14 obsidian axe {chop, +Fly Str+3 SInv *Curse}
   (You found it in the Dungeon)

   It inflicts extra damage upon your enemies.
   It affects your strength (+3).
   It lets you see invisible.
   It lets you fly.
   It may re-curse itself when equipped.
   It has a curse placed upon it.
 P - the +7 Singing Sword
   (You found it in the Dungeon)
 Q - a +5 quick blade
 R - a +5 rapier (weapon)
 S - the +8 lance "Wyrmbane" {slay drac, +Rage rPois rF+ AC+5}
   (You found it in the Dungeon)

   It affects your AC (+5).
   It protects you from fire.
   It protects you from poison.
   It lets you go berserk.
 T - the +6 shillelagh "Devastator" {shatter}
   (You found it in the Dungeon)
Missiles
 d - 1020 sling bullets
Armour
 c - a +0 leather armour
 B - a +5 gold dragon armour
 N - the +15 Maxwell's patent armour (worn) {-Cast -Tele rElec MR+ rCorr}
   (You found it in the Dungeon)

   It insulates you from electricity.
   It affects your resistance to hostile enchantments.
   It prevents spellcasting.
   It prevents most forms of teleportation.
   It protects you from acid and corrosion.
 O - the +18 shield of the gong (worn) {rElec rN+ MR+ EV-5}
   (You found it in the Dungeon)

   It affects your evasion (-5).
   It insulates you from electricity.
   It protects you from negative energy.
   It affects your resistance to hostile enchantments.
Jewellery
 G - a +6 ring of dexterity
 H - a +6 ring of dexterity
 I - a +6 ring of intelligence
 J - a +6 ring of intelligence
 K - a +6 ring of strength (left hand)
 L - a +6 ring of strength (right hand)
Wands
 C - a wand of disintegration (7/24)
 D - a wand of iceblast (5/15)
 E - a wand of lightning (5/15)
 F - a wand of acid (5/15)
Scrolls
 k - 4 scrolls of blinking
 r - 4 scrolls of amnesia
 s - 3 scrolls of recharging
 t - 7 scrolls of fog
 u - a scroll of holy word
 v - 5 scrolls of identify
 w - 5 scrolls of remove curse
 x - 2 scrolls of fear
Potions
 e - 10 potions of curing
 g - 10 potions of heal wounds
 h - 6 potions of haste
 i - 7 potions of magic
 j - 3 potions of berserk rage
 l - 2 potions of brilliance
 m - a potion of invisibility
 n - 4 potions of resistance
 o - a potion of experience
 p - 5 potions of agility
 q - 5 potions of might
Comestibles
 f - 5 bread rations
 z - 42 fruits
 A - 4 meat rations


   Skills:
 + Level 3.3 Fighting
 * Level 8.8 Slings
 * Level 4.7 Armour
 + Level 4.1 Dodging
 - Level 1.1 Stealth
 * Level 4.9 Shields
 * Level 4.8 Invocations


You had 4 spell levels left.
You didn't know any spells.

Dungeon Overview and Level Annotations

Branches:
Dungeon (1/1)

Altars:
Ashenzari
Cheibriados
Dithmenos
Elyvilon
Fedhas
Gozag
Kikubaaqudgha
Makhleb
Nemelex Xobeh
Okawaru
Pakellas
Qazlal
Ru
Sif Muna
Trog
Vehumet
Xom
Yredelemnul
Zin
The Shining One
Beogh
Jiyva
Lugonu


Innate Abilities, Weirdness & Mutations

You are small and have problems with some larger weapons.
You are somewhat resistant to further mutation.


Message History

You hit the hell hound.
The hell hound is almost dead.
You block the hell hound's attack.
BOUMMMMG!
You block the hell hound's attack.
BONNNG!
You block the hell hound's attack.
SHROANNG!
You block the hell hound's attack.
GONNNNG!
The hell hound barely misses you.
The hell hound bites you but does no damage.
Your Maxwell's patent armour prevents you from hitting the hell hound.
The hell hound is almost dead.
You block the hell hound's attack.
GONNNNG!
The hell hound breathes flames at you. The blast of flame hits you!
Ouch! That really hurt!
You die...

▓▓▓▓▓▓▓▓▓▓▓▓▓▓▓▓▓▓▓
▓.8©8.▓.8©8.▓.8©8.▓
▓.|"..▓..|..▓.....▓
▓..=..▓.....▓.|.).▓
▓..5..▓.....▓.....▓
▓.hhh.▓.....▓.....▓
▓..@..▓.....▓.....▓
▓.....▓.....▓▓▓▓▓▓▓
▓▓▓▓▓▓▓▓▓▓▓▓▓


You could see 3 hell hounds and a crimson imp.

Vanquished Creatures
  A phantom (D)
  2 jellies (D)
  An ooze (D)
  A giant gecko skeleton (D)
5 creatures vanquished.

Notes
Turn   | Place    | Note
--------------------------------------------------------------
     0 | D        | Groucho the Halfling Hunter began the quest for the Orb.
     0 | D        | Reached XP level 1. HP: 14/14 MP: 1/1
     0 | D        | Found a viscous altar of Jiyva.
     0 | D        | Found a roughly hewn altar of Beogh.
     0 | D        | Found a corrupted altar of Lugonu.
     0 | D        | Found a white marble altar of Elyvilon.
     0 | D        | Found a sparkling altar of Nemelex Xobeh.
     1 | D        | Found a burning altar of Makhleb.
     1 | D        | Found an iron altar of Okawaru.
     1 | D        | Found a deep blue altar of Sif Muna.
     1 | D        | Found a radiant altar of Vehumet.
     1 | D        | Found a bloodstained altar of Trog.
     1 | D        | Found a shimmering altar of Xom.
    95 | D        | Became a worshipper of Cheibriados the Contemplative
   124 | D        | Entered arena 1.
   124 | D        | Noticed a phantom
   127 | D        | Reached skill level 6 in Slings
   142 | D        | Killed a phantom
   142 | D        | Reached * piety under Cheibriados
   142 | D        | Reached skill level 8 in Slings
   142 | D        | Reached XP level 2. HP: 20/20 MP: 1/4
   142 | D        | Reached XP level 3. HP: 25/25 MP: 1/5
   142 | D        | Reached XP level 4. HP: 30/30 MP: 1/6
   290 | D        | Entered arena 2.
   298 | D        | Reached XP level 5. HP: 32/36 MP: 6/8
   301 | D        | Reached ** piety under Cheibriados
   306 | D        | Entered arena 3.
   306 | D        | Noticed a hell hound
   306 | D        | Noticed a hell hound
   306 | D        | Noticed a hell hound
   320 | D        | Killed from afar by a hell hound

Skill      XL: |  1  2  3  4  5 |
---------------+----------------+-----
Slings         | 8 |  8.8
Fighting       | 2 3 |  3.3
Armour         | 3 4 |  4.7
Dodging        | 3 4 |  4.1
Shields        | 3 4 |  4.9
Invocations    | 3 4 |  4.8
Stealth        | |  1.1

Action                   |  1- 3 |  4- 6 || total
-------------------------+-------+-------++-------
Melee: Rapier            |    13 |    22 ||    35
 Fire: Hunting sling     |     1 |       ||     1
  Use: Potion            |       |     1 ||     1
Armor: Plate armour      |     1 |    27 ||    28
Dodge: Dodged            |       |     5 ||     5
Block: Shield            |    13 |    62 ||    75
